 Dungeon Crawl Stone Soup version 0.31.0-12-g77e489cdc1 (webtiles) character file.

Game seed: 5806767948401733034

17 Doot the Changeling (level 2, 18/18 HPs)
             Began as an Octopode Shapeshifter on Feb 26, 2024.
             Quit the game on level 1 of the Dungeon on Feb 27, 2024.
             The game lasted 00:01:19 (231 turns).

Doot the Changeling (Octopode Shapeshifter)          Turns: 231, Time: 00:01:19

Health: 18/18      AC:  1    Str: 13    XL:     2   Next: 62%
Magic:  2/2        EV: 13    Int: 12    God:
Gold:   54         SH:  0    Dex: 11    Spells: 1/1 levels left

rFire   . .          .
                       - Unarmed
rCold   + . .        (no shield)
rNeg    . . .        (helmet currently unavailable)
rPois   .            (no amulet)
rElec   .            h - ring of protection from cold
rCorr   .            (no ring)
SInv    .            (no ring)
Will    .....        (no ring)
Stlth   ++           (no ring)
HPRegen 0.23/turn    (no ring)
MPRegen 0.08/turn    (no ring)
                     (no ring)

%: no passive effects
@: beast-form
A: beast (slay +1), almost no armour, amphibious, 8 rings, camouflage 1,
gelatinous body 1, (nimble swimmer 1), tentacles
a: Begin Untransformation


You were on level 1 of the Dungeon.
You were a hulking beast.
You visited 1 branch of the dungeon, and saw 1 of its levels.

You collected 54 gold pieces.

Inventory:

Jewellery
 h - a ring of protection from cold (left tentacle)
Talismans
 b - a beast talisman
 c - a flux talisman
Scrolls
 d - a scroll of identify {unknown}
 g - a scroll of brand weapon {unknown}
Potions
 a - a potion of lignification
 e - a potion of mutation {unknown}
 f - a potion of heal wounds {unknown}
 i - a potion of resistance {unknown}


   Skills:
 + Level 1.0 Fighting
 + Level 2.0 Dodging
 + Level 0.2 Stealth
 + Level 3.2 Unarmed Combat
 + Level 3.4 Shapeshifting


You had one spell level left.
You didn't know any spells.
Your spell library contained the following spells:

 Spells                   Type           Power      Damage    Failure   Level
 Magic Dart               Conj           0%         1d3       32%         1
 Blink                    Tloc           0%         N/A       45%         2
 Call Imp                 Summ           0%         N/A       45%         2


Dungeon Overview and Level Annotations

Branches:
Dungeon (1/15)

Altars:


Innate Abilities, Weirdness & Mutations

You are a hulking beast.
Your limbs bulge with bestial killing power. (Slay +1)
You cannot wear most types of armour.
You are amphibious.
You can wear up to eight rings at the same time.
Your skin changes colour to match your surroundings (Stealth+).
Your rubbery body absorbs attacks. (AC +1, EV +1)
((You are camouflaged when in or above water. (Stealth+)))
You have tentacles for arms and can constrict up to eight enemies at once.


Message History

An endoplasm is nearby!
An endoplasm is nearby!
You tentacle-slap the endoplasm.
The endoplasm is almost dead.
The endoplasm closely misses you.
You barely miss the endoplasm. You squeeze the endoplasm.
You kill the endoplasm!
You now have 41 gold pieces (gained 13).
You now have 45 gold pieces (gained 4).
You now have 54 gold pieces (gained 9).
A ball python comes into view.
The ball python hisses angrily.
A ball python is nearby!
A ball python is nearby!
The ball python bites you. The ball python grabs you.
The ball python constricts you. The ball python barely misses you.
The ball python constricts you.
You tentacle-slap the ball python.
You kill the ball python!
No target in view!
No target in view!
Saving game... please wait.
Welcome back, Doot the Octopode Shapeshifter.
Press ? for a list of commands and other information.
HP restored.
i - a purple potion You don't know any spells.
Unknown command.
Unknown command.
Saving game... please wait.
Welcome back, Doot the Octopode Shapeshifter.
Press ? for a list of commands and other information.
What are your orders? t - Shout!
Orders for allies: a - Attack new target. r - Retreat! s - Stop attacking. g - Guard the area. f - Follow me.
Anything else - Cancel.
Okay, then.
Are you sure you want to abandon this character and quit the game? (Confirm with "yes".)

#.#............#
#.##..........##
#.......##...##
########..##.#######
###.........##.#
###...#######....#
........#####..#####
##...............†.#
#...............h#...#
...............#.# #.#
.................. #
...................
...................#
......††....)......#
........)..........#
#.............#....#
##.....#.....##


There were no monsters in sight!

Vanquished Creatures
  A ball python (D:1)
  4 endoplasms (D:1)
  4 giant cockroaches (D:1)
  A goblin (D:1)
  2 bats (D:1)
  A frilled lizard (D:1)
  A rat (D:1)
14 creatures vanquished.

Notes
Turn   | Place    | Note
-------+----------+-------------------------------------------
     0 | D:1      | Doot the Octopode Shapeshifter began the quest for the Orb.
     0 | D:1      | Reached XP level 1. HP: 13/13 MP: 1/1
   111 | D:1      | Reached XP level 2. HP: 18/18 MP: 2/2
   231 | D:1      | Quit the game

Illustrated notes

Levels and vault maps discovered:
D:1:      minmay_arrival_jagged, layout_rooms

Action                     || total
---------------------------++-------
  Melee: Unarmed           ||    26
         Constrict         ||     4
         Tentacles         ||     3
         Punch             ||     1
   Stab: Sleeping          ||     3
 Armour: Skin              ||    11
  Dodge: Dodged            ||    33
